r e k t, neutral male scurrid Tourist ... .@Y --- r e k t the Rambler Experience level: 1 Strength: 12 Dexterity: 11 Constitution: 14 Intelligence: 12 Wisdom: 10 Charisma: 16 Health: 0(9) Energy: 2(2) Def: 0 Gold: 519 Moves: 64 Dungeon seed: fhQLglYzTooy8Vnv Game ID: r e k t_1498625249 Your Inventory: Coins $ - 519 gold pieces Weapons a - 45 blessed +2 darts (in quiver) Armor e - an uncursed +0 Hawaiian shirt (being worn) Comestibles b - 7 uncursed food rations c - 2 uncursed tripe rations d - an uncursed clove of garlic f - an uncursed cream pie g - an uncursed carrot h - an uncursed egg Scrolls j - 4 uncursed scrolls of magic mapping Potions i - 2 uncursed potions of extra healing Wands m - an uncursed wand of secret door detection (0:13) Tools k - an uncursed expensive camera (0:91) l - an uncursed credit card n - an uncursed tin opener Spells and supernatural/magical abilities: Name Level Category Fail Memory W - pray for help -- divine ? -- Your skills at the end: Miscellaneous Skills wands [Basic] Weapon Skills dart [Basic] Spellcasting Skills Final Attributes: You were devoutly aligned. You had infravision. You were very stealthy. You are dead. Voluntary challenges: You went without food. You did not adorn yourself with jewelry or accessories. You did not cause conflict. You were not invisible. You did not have reflection. You were not displaced. You were an atheist. You never hit with a wielded weapon. You were a pacifist. You did not use tools. You did not use plumbed fixtures. You did not drink any magical draughts. You were illiterate. You never genocided any monsters. You never polymorphed an object. You never changed form. You used no wishes. You never split a pudding. You never wrote Elbereth's name. You never violated your personal moral code. Dungeon overview: The Dungeons of Doom: levels 1 to 18 Level 1 a fountain a long staircase Level 2 Level 3 a fountain Level 4 a long staircase Level 5 Level 6 Level 7 a fountain Level 8 Level 9 Level 10 a long staircase Level 11 Level 12 Level 13 Level 14 Level 15 a fountain Level 16 Level 17 Level 18 <- You were here History has recorded: On T:1 you entered the Dungeons of Doom to retrieve the Amulet of Yendor! On T:26 you reached level 2 of The Dungeons of Doom. On T:28 you reached level 3 of The Dungeons of Doom. On T:31 you reached level 4 of The Dungeons of Doom. On T:33 you reached level 5 of The Dungeons of Doom. On T:35 you reached level 6 of The Dungeons of Doom. On T:37 you reached level 7 of The Dungeons of Doom. On T:40 you reached level 8 of The Dungeons of Doom. On T:42 you reached level 9 of The Dungeons of Doom. On T:44 you reached level 10 of The Dungeons of Doom. On T:48 you reached level 11 of The Dungeons of Doom. On T:50 you reached level 12 of The Dungeons of Doom. On T:52 you reached level 13 of The Dungeons of Doom. On T:55 you reached level 14 of The Dungeons of Doom. On T:57 you reached level 15 of The Dungeons of Doom. On T:59 you reached level 16 of The Dungeons of Doom. On T:61 you reached level 17 of The Dungeons of Doom. On T:64 you reached level 18 of The Dungeons of Doom. On T:64 you entered the Rogue tribute level. Score breakdown: Gold: 0 ( 0 points) Experience: 1 level ( 0 points) Exploration: 18 levels ( 510 points) Discoveries: 1 item ( 50 points) Variety of kills: 0 monsters ( 0 points) Major goal: (nothing yet) ( 0 points) Survival: died (score multiplied by 3) Total score: 1680 Latest messages: You dig a pit in the floor. You continue digging downward. You dig a hole through the floor. You fall through... You receive a faint telepathic message from Twoflower: Your help is urgently needed at Ankh-Morpork! Look for a ...ic transporter. You couldn't quite make out that last message. You start digging downward. You continue digging downward. You dig a pit in the floor. You continue digging downward. You dig a hole through the floor. You fall through... You start digging downward. You continue digging downward. You dig a pit in the floor. You continue digging downward. You dig a hole through the floor. You fall through... You enter what seems to be an older, more primitive world. The owlbear claws you! (2x) You die... Final status: Aloha r e k t the Tourist, killed by an owlbear... You died in The Dungeons of Doom on dungeon level 18 with 1680 points, and 519 pieces of gold, after 64 moves. You were level 1 with a maximum of 9 hit points when you died.